AoeStats
← Dr. Brows

Arabia

503580940Analyzed
3v3 RM · 1mo ago on Sep 1, 2026· 56m 46s· 6 players
Game mode
Random Map
Map size
Normal (6 player)
Population
200
Speed
Normal
Resources
Standard
Victory
Conquest
Starting age
Dark Age
Ending age
Imperial Age
RankedLock teamsTeams togetherTeam positionsShared explorationLock speedFull tech treeHidden civsTurbo modeCheats
Victory
Defeat
🇮🇳 Magyars · India
856
+12
852
+12
🇮🇳 Khmer · India
839
+13
🇦🇺 Teutons · Australia
829
-15
🇬🇧 Mongols · United Kingdom
796
-14
🇺🇸 Huns · United States
687
-9
Cwark San
0:32 Loom
11:23 Feudal Age
13:43 Horse Collar
20:03 Castle Age
19:40 Stone Mining
19:44 Gold Mining
19:47 Fletching
20:59 Forging
20:54 Scale Barding Armor
24:18 Scale Barding Armor
27:32 Iron Casting
30:45 Bloodlines
31:53 Chain Barding Armor
35:17 Bodkin Arrow
35:28 Heavy Plow
35:17 Double-Bit Axe
38:48 Wheelbarrow
41:03 Hand Cart
42:49 Town Watch
43:48 Ironclad
50:33 Pikeman
51:14 Squires
50:59 Arson
51:29 Scale Mail Armor
52:31 Chain Mail Armor
55:04 Imperial Age
52:35 Town Patrol
54:25 Bow Saw
wilderbeest1
3:41 Loom
13:02 Feudal Age
21:02 Castle Age
19:27 Double-Bit Axe
20:01 Horse Collar
21:46 Bloodlines
38:14 Imperial Age
38:04 Wheelbarrow
37:45 Heavy Plow
38:36 Bow Saw
39:20 Conscription
39:11 Pikeman
39:51 Squires
42:22 Chemistry
41:24 Fletching
41:44 Forging
41:40 Scale Barding Armor
42:14 Hand Cart
43:43 Ballistics
43:33 Fortified Wall
43:20 Murder Holes
42:55 Elite Skirmisher
43:38 Town Watch
45:13 Hoardings
44:48 Bodkin Arrow
45:29 Iron Casting
44:55 Padded Archer Armor
45:15 Chain Barding Armor
45:57 Gold Mining
45:57 Stone Mining
45:37 Elite Steppe Lancer
46:18 Husbandry
46:32 Bracer
48:33 Caravan
49:16 Gold Shaft Mining
51:00 Blast Furnace
50:15 Leather Archer Armor
50:29 Nomads
52:18 Scale Mail Armor
52:57 Town Patrol
Smokey Joe The Smokiest of Joes
0:44 Loom
13:04 Feudal Age
16:02 Wheelbarrow
15:12 Town Watch
23:50 Double-Bit Axe
23:46 Horse Collar
27:19 Castle Age
28:26 Gold Mining
28:30 Stone Mining
29:55 Hand Cart
29:40 Town Patrol
30:32 Bow Saw
30:26 Heavy Plow
32:00 Town Patrol
36:17 Marauders
39:15 Husbandry
48:14 Imperial Age
47:23 Gold Shaft Mining
51:53 Elite Tarkan
52:04 Sappers
52:54 Conscription
Aboubakar
9:39 Feudal Age
10:02 Loom
10:24 Double-Bit Axe
15:04 Horse Collar
17:11 Gold Mining
21:01 Castle Age
19:41 Stone Mining
22:22 Bow Saw
22:34 Heavy Plow
24:10 Wheelbarrow
25:43 Hand Cart
29:31 Corvinian Army
30:59 Scale Barding Armor
32:23 Chain Barding Armor
33:32 Gold Shaft Mining
33:01 Herbal Medicine
34:50 Husbandry
35:05 Bloodlines
35:18 Town Watch
38:23 Imperial Age
36:32 Town Patrol
39:58 Plate Barding Armor
41:48 Two-Man Saw
41:21 Crop Rotation
40:44 Elite Magyar Huszar
41:45 Conscription
41:56 Fletching
43:33 Bodkin Arrow
43:09 Heavy Cavalry Archer
43:55 Thumb Ring
46:24 Ballistics
47:05 Chemistry
48:16 Bracer
53:34 Hoardings
Dr. Brows
6:46 Loom
9:15 Feudal Age
9:55 Horse Collar
10:03 Double-Bit Axe
19:49 Castle Age
18:16 Gold Mining
19:38 Wheelbarrow
23:09 Heavy Plow
24:19 Fletching
29:13 Bodkin Arrow
29:18 Padded Archer Armor
31:59 Ballistics
34:20 Imperial Age
39:05 Chemistry
38:00 Murder Holes
38:34 Bracer
38:50 Leather Archer Armor
40:21 Double Crossbow
40:58 Conscription
41:37 Ring Archer Armor
42:09 Siege Engineers
42:42 Hand Cart
42:16 Town Watch
44:03 Town Patrol
43:27 Elite Ballista Elephant
Father Mike Fernandes SJ
9:34 Feudal Age
7:50 Loom
10:15 Double-Bit Axe
19:37 Castle Age
18:36 Fletching
18:46 Padded Archer Armor
20:24 Horse Collar
20:48 Husbandry
21:01 Bloodlines
20:57 Crossbowman
22:25 Bodkin Arrow
25:15 Leather Archer Armor
26:53 Wheelbarrow
31:13 Thumb Ring
33:19 Hand Cart
35:49 Imperial Age
37:51 Conscription
36:53 Elite Genoese Crossbowman
40:32 Ballistics
41:13 Chemistry
42:56 Cavalier
48:25 Bracer
48:55 Ring Archer Armor
50:37 Forging
50:33 Scale Barding Armor
52:26 Light Cavalry
54:52 Hussar
Connection lost

Rejoining the realm…

Still unreachable

The connection could not be restored.

Session expired

The server has moved on; the page needs a fresh start.